 Dungeon Crawl Stone Soup version 0.31.0-9-g3a7656b989 (webtiles) character file.

Game seed: 5190771764793685419

3 qw the Shooter (level 1, -2/12 HPs)
             Began as a Deep Elf Hunter on Feb 2, 2024.
             Succumbed to their own poison gas
             ... on level 1 of the Dungeon.
             The game lasted 00:00:01 (582 turns).

qw the Shooter (Deep Elf Hunter)                     Turns: 582, Time: 00:00:01

Health: -2/12      AC:  5    Str:  8    XL:     1   Next: 41%
Magic:  3/3        EV: 10    Int: 13    God:
Gold:   38         SH:  0    Dex: 18    Spells: 0/0 levels left

rFire   . . .        a - +0 shortbow
rCold   . . .        (shield currently unavailable)
rNeg    . . .        e - +0 ring mail
rPois   .            (no helmet)
rElec   .            (no cloak)
rCorr   .            (no gloves)
SInv    .            (no boots)
Will    .....        (no amulet)
Stlth   +            (no ring)
HPRegen 0.22/turn    (no ring)
MPRegen 0.08/turn

%: no passive effects
@: lethally poisoned (-2 -> -25), attractive
A: no striking features
a: no special abilities


You were on level 1 of the Dungeon.
You visited 1 branch of the dungeon, and saw 1 of its levels.

You collected 38 gold pieces.


   Skills:
 - Level 1.5 Fighting
 + Level 5.5 Ranged Weapons
 - Level 2.4 Dodging
 - Level 1.2 Stealth


You couldn't memorise any spells.
You didn't know any spells.
Your spell library was empty.

Inventory:

Hand Weapons
 a - a +0 shortbow (weapon)
Armour
 e - a +0 ring mail (worn)
Potions
 d - a potion of enlightenment {unknown}
 f - a potion of curing {unknown}
 h - a potion of berserk rage {unknown}

Dungeon Overview and Level Annotations

Branches:
Dungeon (1/15)

Altars:


Message History

You see here a +0 dagger.
You see here a +0 club.
There is an open door, spattered with blood here.
You open the door.
Found a faded altar of an unknown god.
There is an open door here.
Done exploring.
Done exploring.
567 ||| UPGRADING to +0 ring mail.
You start removing your armour.
You continue taking off your +0 leather armour. x4
You finish taking off your +0 leather armour.
You start putting on your armour.
You continue putting on your +0 ring mail. x5
You finish putting on your +0 ring mail.
577 ||| DROPPING +0 leather armour.
You drop a +0 leather armour.
Done exploring.
578 ||| READING scroll labelled REMEM YGEG.
The air fills with toxic fumes!
As you read the scroll labelled REMEM YGEG, it crumbles to dust.
It was a scroll of poison.
Done exploring.
579 ||| DRINKING 2 fizzy puce potions.
It was a potion of attraction.
You feel attractive to monsters.
Done exploring.
580 ||| DROPPING scroll of butterflies.
You drop a scroll of butterflies.
Done exploring.
581 ||| DROPPING potion of attraction.
You drop a potion of attraction.
Done exploring.
What level of the Dungeon? (default 1, ? - help) Sorry, I don't know how to get there.
Enter note:
Enter note:
Enter note:
Enter note:
Enter note:
Enter note: You are engulfed in poison gas.
You are lethally poisoned!
Ouch! That really hurt! x2
You die...

####### ####.....#
########
.........#######¤¤....###
####.......#...¤¤¤).....#
#.........##7¤7##....# #
#.......77#¤¤¤¤¤#77..# ##
#######.7%#¤¤8¤¤#%7.##
.###### #.77#.¤¤¤.#77.#
#.....# #.7P###@###P7.#
.####.# ##.7PPPP!PPPP7.#
## #.# #..77PPP¤P¤P77.# #
##.###...77P7¤7P77..#
####...##.#..77¤¤¤77...#
........#.##..77¤77..#.#
...#....#.###..777..##.##
##.##.#.#.# ##.....###..#
..........# ####.##
##.#######


There were no monsters in sight!

Vanquished Creatures
  An endoplasm (D:1)
  A kobold (D:1)
  A frilled lizard (D:1)
3 creatures vanquished.

Notes
Turn   | Place    | Note
-------+----------+-------------------------------------------
     0 | D:1      | qw the Deep Elf Hunter began the quest for the Orb.
     0 | D:1      | Reached XP level 1. HP: 12/12 MP: 3/3
     0 | D:1      | 0 ||| qw: Version: 0.3-a-155-g5e7d8dd
     0 | D:1      | 0 ||| qw: Game counter: 2121
     0 | D:1      | 0 ||| qw: Melee chars always use a shield: true
     0 | D:1      | 0 ||| qw: God list: Okawaru
     0 | D:1      | 0 ||| qw: Allow faded altars: false
     0 | D:1      | 0 ||| qw: Do Orc after clearing Dungeon:15 true
     0 | D:1      | 0 ||| qw: Do second Lair branch before Depths: true
     0 | D:1      | 0 ||| qw: Lair rune preference: random
     0 | D:1      | 0 ||| qw: Goals: Normal
     0 | D:1      | 0 ||| PLANNING D:1-11
   564 | D:1      | Found a faded altar of an unknown god.
   567 | D:1      | 567 ||| UPGRADING to +0 ring mail.
   577 | D:1      | 577 ||| DROPPING +0 leather armour.
   578 | D:1      | 578 ||| READING scroll labelled REMEM YGEG.
   579 | D:1      | 579 ||| DRINKING 2 fizzy puce potions.
   580 | D:1      | 580 ||| DROPPING scroll of butterflies.
   581 | D:1      | 581 ||| DROPPING potion of attraction.
   582 | D:1      | Succumbed to their own poison gas

Levels and vault maps discovered:
D:1:      saegor_arrival_miasma, layout_loops_ring,
          dilly_ecumenical_altar_fadedgnrine

Action                     || total
---------------------------++-------
   Fire: Shortbow          ||    10
    Use: Scroll            ||     1
         Potion            ||     1
 Armour: Leather armour    ||     1

Table legend:
 A = Non-vault XP
 B = Vault XP
 C = Vault XP percentage of total XP
 D = Non-vault monster count
 E = Vault monster count
 F = Vault count percentage of total count
                 A         B        C        D         E       F
            +---------+---------+-------+---------+---------+-------
      Total |       5 |       0 |   0.0 |       3 |       0 |   0.0
            +---------+---------+-------+---------+---------+-------
        D:1 |       5 |       0 |   0.0 |       3 |       0 |   0.0
            +---------+---------+-------+---------+---------+-------
